 Dungeon Crawl Stone Soup version 0.27.1-33-g824d729ab1 (webtiles) character file.

Game seed: 8563698889647244381

981 styxcanada the Covert (level 7, -1/36 HPs)
             Began as a Spriggan Brigand on Nov 30, 2021.
             Killed by divine providence
             ... invoked by an orc priest
              (13 damage)
             ... on level 5 of the Dungeon.
             The game lasted 00:19:22 (5998 turns).

styxcanada the Covert (Spriggan Brigand)            Turns: 5998, Time: 00:19:23

Health: -1/36      AC:  3    Str:  7    XL:     7   Next: 96%
Magic:  8/8        EV: 20    Int: 12    God:
Gold:   188        SH:  0    Dex: 19    Spells: 6/6 levels left

rFire    . . .     SeeInvis +   a - +2 dagger
rCold    + . .     Faith    .   (shield restricted)
rNeg     . . .     Spirit   .   b - +0 robe
rPois    +         Reflect  .   (helmet restricted)
rElec    .         Harm     .   c - +0 cloak
rCorr    .         Rampage  .   (gloves unavailable)
Will     +....                  (boots unavailable)
Stlth    +++++.....             (no amulet)
HPRegen  0.12/turn              j - ring of protection from cold
MPRegen  0.11/turn              x - ring of poison resistance

@: very quick
A: very small, no large weapons, unfitting armour, see invisible, speed 3
a: no special abilities


You were on level 5 of the Dungeon.
You visited 1 branch of the dungeon, and saw 5 of its levels.

You collected 188 gold pieces.

Inventory:

Hand Weapons
 a - a +2 dagger (weapon)
 e - a +2 quarterstaff of chaos
 k - a +0 hunting sling
 t - a +1 dagger of freezing
Missiles
 d - 6 poisoned darts (quivered)
 g - 116 stones
 r - 60 sling bullets
 v - 2 throwing nets
Armour
 b - a +0 robe (worn)
 c - a +0 cloak (worn)
Jewellery
 j - a ring of protection from cold (left hand)
 x - a ring of poison resistance (right hand)
 y - a ring of flight
Wands
 n - a wand of digging (4)
Scrolls
 f - 2 scrolls of amnesia
 i - 2 scrolls of identify
Potions
 h - a potion of curing
 m - a potion of haste
 p - a potion of flight {unknown}
 q - a potion of magic
 s - a potion of resistance


   Skills:
 * Level 3.1 Fighting
 + Level 3.9 Short Blades
 + Level 0.3(2.5) Slings
 + Level 3.4 Throwing
 * Level 4.9 Dodging
 * Level 10.9 Stealth
 * Level 2.4 Evocations


You had 6 spell levels left.
You didn't know any spells.
Your spell library was empty.

Dungeon Overview and Level Annotations

Branches:
Dungeon (5/15)
 Temple: D:4-7

Altars:
Yredelemnul

Annotations:
D:5 Grinder


Innate Abilities, Weirdness & Mutations

You are very small and have problems with some larger weapons.
You are too small for most types of armour.
You have supernaturally acute eyesight. (SInv)
You cover ground extremely quickly. (Speed+++)


Message History

You see here a poisoned dart.
d - 3 poisoned darts (gained 1)
A necrophage comes into view.
The helpless acid dragon fails to defend itself.
You perforate the acid dragon like a sieve!!!
You kill the acid dragon!
You see here a poisoned dart.
d - 4 poisoned darts (gained 1)
You see here a poisoned dart.
d - 5 poisoned darts (gained 1)
The orc wizard misses you.
Throw: 5 darts (poison)
Press: ? - help, Q - select action, (/) - cycle Shift-Dir - straight line, f - orc wizard
Aim: an orc wizard, wielding a +0 dagger and wearing a +0 robe (56% to hit)
You throw a poisoned dart. The poisoned dart hits the orc wizard.
The orc wizard is poisoned.
Throw: 4 darts (poison)
Press: ? - help, Q - select action, (/) - cycle Shift-Dir - straight line, f/p - orc wizard
Aim: an orc wizard, wielding a +0 dagger and wearing a +0 robe (lightly wounded, poisoned, 56% to hit)
You throw a poisoned dart. The poisoned dart hits the orc wizard.
The orc wizard looks even sicker.
The orc wizard is lightly wounded.
Grinder shouts!
The orc shouts!
You hear a shout!
Grinder blinks!
You start waiting.
An orc is nearby!
The orc wizard points at you and mumbles some strange words.
The puff of flame hits you!
The orc wizard gestures at you while chanting.
The magic dart hits you!
An orc priest comes into view. It is wielding a +0 club.
d - 5 poisoned darts (gained 2)
The orc priest invokes the aid of Beogh against you.
Beogh smites you!
You see here a poisoned dart.
d - 6 poisoned darts (gained 1)
The orc priest calls down the wrath of Beogh upon you.
Beogh smites you!
You die...

#####...## #####.................
# #...###..................... #
#.......................#.. #
###.........................
###...........................
##............................#
##..........(..................#
##..o....).((.).................#
#......(........@...............#
................................#
....(..........[................#
.................................
.o...............................
.................................
..............o..................
................n................
........o........................


You could see a necrophage and an orc priest.

Vanquished Creatures
  Menkaure (D:5)
  An acid dragon (D:5)
  An ogre (D:5)
  2 kobold brigands (D:4)
  A water moccasin zombie (D:5)
  2 scorpions (D:5)
  Crazy Yiuf (D:2)
  A hound (D:4)
  A jelly (D:5)
  An orc priest (D:4)
  A centaur skeleton (D:4)
  Natasha (thrice) (D:2)
  An orc wizard (D:4)
  A hound skeleton (D:4)
  3 adders (D:2)
  An adder skeleton (D:4)
  2 worms
  A dart slug (D:1)
  9 orcs
  4 endoplasms
  3 giant cockroaches
  4 goblins
  5 hobgoblins
  6 quokkas
  4 ball pythons
  5 bats
  9 frilled lizards
  10 kobolds
  6 rats
90 creatures vanquished.

Vanquished Creatures (others)
  A fungus (D:2)
  A plant (D:4)
2 creatures vanquished.

Grand Total: 92 creatures vanquished

Notes
Turn   | Place    | Note
-------+----------+-------------------------------------------
     0 | D:1      | styxcanada the Spriggan Brigand began the quest for the
                  | Orb.
     0 | D:1      | Reached XP level 1. HP: 10/10 MP: 2/2
    68 | D:1      | Reached skill level 6 in Stealth
   266 | D:1      | Reached XP level 2. HP: 13/15 MP: 3/3
   944 | D:1      | Found a faded altar of an unknown god.
  1220 | D:2      | Reached skill level 7 in Stealth
  1220 | D:2      | Reached XP level 3. HP: 14/18 MP: 4/4
  1581 | D:2      | Reached XP level 4. HP: 13/23 MP: 5/5
  1757 | D:2      | Found a runed translucent door.
  1758 | D:2      | Noticed Crazy Yiuf
  1773 | D:2      | Killed Crazy Yiuf
  2066 | D:2      | Found a basalt altar of Yredelemnul.
  2066 | D:2      | Noticed Natasha
  2071 | D:2      | Killed Natasha
  2072 | D:2      | Reached skill level 8 in Stealth
  2114 | D:2      | Noticed Natasha
  2130 | D:2      | Killed Natasha
  2131 | D:2      | Reached XP level 5. HP: 26/26 MP: 6/6
  2139 | D:2      | Noticed Natasha
  2184 | D:2      | HP: 1/26 [Natasha (1)]
  2185 | D:2      | Killed Natasha
  3652 | D:4      | Reached skill level 9 in Stealth
  3652 | D:4      | Reached XP level 6. HP: 23/32 MP: 7/7
  4904 | D:5      | Entered Level 5 of the Dungeon
  4931 | D:5      | Noticed Menkaure
  4933 | D:5      | Reached XP level 7. HP: 35/35 MP: 8/8
  4939 | D:5      | Killed Menkaure
  4940 | D:5      | Reached skill level 10 in Stealth
  4940 | D:5      | Reached skill level 1 in Evocations
  5094 | D:5      | Noticed Grinder
  5432 | D:5      | Paralysed by Grinder for 5 turns
  5540 | D:5      | HP: 1/36 [Grinder/nerve-wracking pain (14)]
  5546 | D:5      | Paralysed by Grinder for 2 turns
  5998 | D:5      | Killed from afar by an orc priest

Illustrated notes

Levels and vault maps discovered:
D:1:      saegor_arrival_simple_e, layout_loops_ring,
          hellmonk_ecumenical_altar_heavens_door, minmay_hexomino_u4
D:2:      layout_rooms, basic_altar, grunt_ministairs_9, uniq_natasha,
          uniq_crazy_yiuf_cottage
D:3:      layout_basic, st_stairs_4
D:4:      layout_basic, lexackson_kobold_supper
D:5:      layout_layer_cave, uniq_grinder, uniq_menkaure

Skill      XL: |  1  2  3  4  5  6  7 |
---------------+----------------------+-----
Stealth        | 6 7 8 9 10 | 10.9
Fighting       | 2 3 |  3.1
Dodging        | 2 3 4 |  4.9
Short Blades   | 3 |  3.9
Throwing       | 3 |  3.4
Evocations     | 2 |  2.4
Slings         | |  0.3

Action                   |  1- 3 |  4- 6 |  7- 9 || total
-------------------------+-------+-------+-------++-------
Melee: Dagger            |    75 |   162 |    49 ||   286
       Quarterstaff      |       |     7 |       ||     7
 Fire: Hunting sling     |       |       |     3 ||     3
Throw: Dart              |    20 |    25 |    31 ||    76
       Stone             |       |     2 |     4 ||     6
  Use: Potion            |       |     1 |     2 ||     3
       Scroll            |       |     7 |       ||     7
 Stab: Sleeping          |    15 |    14 |     4 ||    33
Armor: Robe              |    10 |    14 |     4 ||    28
Dodge: Dodged            |    37 |   114 |    27 ||   178
